 Dungeon Crawl Stone Soup version 0.25-a0-614-g73ad250 (webtiles) character file.

Game seed: 15460242383902536592, levelgen mode: deterministic

93 Faca the Skirmisher (level 4, -4/37 HPs)
             Began as a Human Fighter on Mar 17, 2020.
             Killed by nerve-wracking pain
             ... invoked by an orc priest
              (12 damage)
             ... on level 2 of the Dungeon.
             The game lasted 00:03:07 (1228 turns).

Faca the Skirmisher (Human Fighter)                 Turns: 1228, Time: 00:03:08

Health: -4/37      AC:  7    Str: 17    XL:     4   Next: 91%
Magic:  4/4        EV:  7    Int:  9    God:
Gold:   28         SH: 10    Dex: 12    Spells: 3/3 levels left

rFire    . . .     SeeInvis .   a - +0 long sword
rCold    . . .     Gourm    .   c - +1 kite shield
rNeg     . . .     Faith    .   b - +0 scale mail
rPois    .         Spirit   .   m - +0 helmet
rElec    .         Reflect  .   (no cloak)
rCorr    .         Harm     .   (no gloves)
MR       .....                  (no boots)
Stlth    ..........             (no amulet)
HPRegen  0.12/turn              (no ring)
MPRegen  0.09/turn              (no ring)

@: no status effects
A: no striking features
a: no special abilities


You were on level 2 of the Dungeon.
You were not hungry.

You visited 1 branch of the dungeon, and saw 3 of its levels.

You collected 28 gold pieces.

Inventory:

Hand Weapons
 a - a +0 long sword (weapon)
 n - a +1 dagger of venom
Missiles
 h - 7 boomerangs (quivered)
Armour
 b - a +0 scale mail (worn)
 c - a +1 kite shield (worn)
 m - a +0 helmet (worn)
Wands
 j - a wand of flame (28)
Scrolls
 k - 5 scrolls of blinking
 o - 2 scrolls of teleportation {unknown}
Potions
 e - a potion of magic {unknown}
 g - a potion of heal wounds {unknown}
 i - 2 potions of curing
 l - a potion of cancellation {unknown}
Comestibles
 d - 2 chunks of flesh
 f - 5 rations


   Skills:
 + Level 4.2 Fighting
 + Level 3.5 Long Blades
 - Level 3.0 Armour
 - Level 3.0 Shields


You had 3 spell levels left.
You didn't know any spells.
Your spell library was empty.

Dungeon Overview and Level Annotations

Branches:
Dungeon (3/15)

Altars:
Elyvilon

Annotations:
D:3 3 runed translucent doors, mattington's ghost, amateur GnWz


Message History

Things that are here:
4 stones; a +0 dagger An orc priest comes into view.
It is wielding a +0 flail.
The orc priest shouts!
The orc priest invokes the aid of Beogh against you.
Beogh smites you!
You hear a shout!
You start resting.
The orc priest is too close now for your liking.
The orc priest hits you with a +0 flail!
* * * LOW HITPOINT WARNING * * *
You hit the orc priest.
The orc priest is moderately wounded.
The orc priest hits you with a +0 flail.
* * * LOW HITPOINT WARNING * * *
You hit the orc priest but do no damage.
The orc priest is moderately wounded.
The orc priest invokes the aid of Beogh against you.
Pain shoots through your body!
You die...

......#.....# ##)...##
.#
......#..######....##
........## #...†..##
........# ##.#...##
)......####.....##
.......#
#....##########.
.......#
#...###.......o.
.......###..##
#o########
............####@####
......#.....(.......#
........#...)...###...#
....##.##.(###### #....
.....#.#...# ##.
≈≈≈....#.#.#
≈≈≈≈.......#
≈♣≈≈.......#
≈≈≈≈..###†.#


You could see an orc priest.

Vanquished Creatures
  Jessica (D:2)
  Robin (D:3)
  An ooze (D:2)
  A worm (D:2)
  2 dart slugs (D:2)
  An orc (D:3)
  2 bats
  A giant cockroach (D:2)
  13 goblins
  4 hobgoblins
  A quokka (D:3)
  2 ball pythons (D:1)
  4 kobolds
  9 rats
43 creatures vanquished.

Notes
Turn   | Place    | Note
-------+----------+-------------------------------------------
     0 | D:1      | Faca the Human Fighter began the quest for the Orb.
     0 | D:1      | Reached XP level 1. HP: 18/18 MP: 1/1
    99 | D:1      | Reached XP level 2. HP: 21/24 MP: 2/2
   667 | D:2      | Reached XP level 3. HP: 26/29 MP: 3/3
   866 | D:2      | You fall into a shaft and drop 1 floor!
   867 | D:3      | Noticed Robin
   881 | D:3      | Killed Robin
   881 | D:3      | Reached XP level 4. HP: 28/37 MP: 4/4
   922 | D:3      | Noticed mattington's ghost (amateur GnWz)
  1042 | D:3      | Found a runed translucent gate.
  1042 | D:3      | Found a runed translucent gate.
  1042 | D:3      | Found a runed translucent gate.
  1072 | D:2      | Reached skill level 4 in Fighting
  1120 | D:2      | Found a white marble altar of Elyvilon.
  1140 | D:2      | Noticed Jessica
  1146 | D:2      | Killed Jessica
  1228 | D:2      | Killed from afar by an orc priest

Levels and vault maps discovered:
D:1:      mushboom_english_gardens, layout_loops_ring, nrook_mini_vaults
D:2:      layout_rooms, elyvilon_altar_3, first_ration, uniq_jessica
D:3:      layout_loops_cross, gammafunk_ghost_icy, uniq_robin

Skill      XL: |  1  2  3  4 |
---------------+-------------+-----
Long Blades    | 3 |  3.5
Fighting       | 4 |  4.2
Armour         | |  3.0
Shields        | |  3.0

Action                   |  1- 3 |  4- 6 || total
-------------------------+-------+-------++-------
Melee: Long sword        |    86 |    35 ||   121
  Use: Scroll            |     7 |       ||     7
       Potion            |     1 |       ||     1
  Eat: Chunk             |       |     1 ||     1
Armor: Scale mail        |    32 |     3 ||    35
Dodge: Dodged            |    28 |     9 ||    37
Block: Kite shield       |    40 |    22 ||    62
       Rpst.: Long sword |     8 |     3 ||    11

Table legend:
 A = Non-vault XP
 B = Vault XP
 C = Vault XP percentage of total XP
 D = Non-vault monster count
 E = Vault monster count
 F = Vault count percentage of total count
                 A         B        C        D         E       F
            +---------+---------+-------+---------+---------+-------
      Total |      69 |      64 |  48.1 |      35 |       8 |  18.6
            +---------+---------+-------+---------+---------+-------
        D:1 |      20 |       0 |   0.0 |      14 |       0 |   0.0
        D:2 |      41 |      37 |  47.4 |      17 |       1 |   5.6
        D:3 |       8 |      27 |  77.1 |       4 |       7 |  63.6
            +---------+---------+-------+---------+---------+-------
